 Dungeon Crawl Stone Soup version 0.21-a0-498-g1b60429 (webtiles) character file.

218 graki42 the Magician (level 5, -20/28 HPs)
             Began as a Deep Elf Fire Elementalist on Nov 24, 2017.
             Was an Initiate of Vehumet.
             Demolished by Menkaure (21 damage)
             ... on level 4 of the Dungeon.
             The game lasted 00:10:40 (2722 turns).

graki42 the Magician (Deep Elf Fire Elementalist)   Turns: 2722, Time: 00:10:41

Health: -20/28     AC:  5    Str: 11    XL:     5   Next: 63%
Magic:  0/15       EV: 13    Int: 20    God:    Vehumet [......]
Gold:   134        SH:  0    Dex: 15    Spells: 4/15 levels left

rFire    . . .     SeeInvis .   w - +0 whip (holy)
rCold    + . .     Gourm    .   (no shield)
rNeg     . . .     Faith    .   t - +2 robe {rC+}
rPois    .         Spirit   .   e - +0 helmet
rElec    .         Reflect  .   (no cloak)
rCorr    +         Harm     .   (no gloves)
MR       .....                  (no boots)
Stlth    ++........             (no amulet)
HPRegen  0.09/turn              x - ring of resist corrosion
MPRegen  0.14/turn              (no ring)

@: mighty, very slightly contaminated
A: no striking features
a: Renounce Religion


You were on level 4 of the Dungeon.
You worshipped Vehumet.
Vehumet was noncommittal.
You were not hungry.

You visited 1 branch of the dungeon, and saw 4 of its levels.

You collected 134 gold pieces.

Inventory:

Hand Weapons
 w - a +0 whip of holy wrath (weapon)
Armour
 a - a +0 robe
 e - a +0 helmet (worn)
 t - a +2 robe of cold resistance (worn)
Jewellery
 x - a ring of resist corrosion (left hand)
Wands
 r - a wand of clouds (4)
 v - a wand of random effects (13)
Scrolls
 d - 5 scrolls of remove curse {unknown}
 g - 4 scrolls of identify {unknown}
 p - a scroll of random uselessness {unknown}
 u - a scroll of fog {unknown}
Potions
 f - a potion of haste {unknown}
 i - a potion of ambrosia {unknown}
 k - a potion of might
 l - a potion of flight {unknown}
 m - a potion of mutation {unknown}
 n - a potion of lignification {unknown}
 o - 4 potions of heal wounds {unknown}
 s - a potion of resistance {unknown}
Books
 b - a book of Flames

   Spells                             Type                      Level
   a - Flame Tongue                   Conjuration/Fire             1
   b - Throw Flame                    Conjuration/Fire             2
   c - Conjure Flame                  Conjuration/Fire             3
   d - Inner Flame                    Hexes/Fire                   3
   e - Sticky Flame                   Conjuration/Fire             4
   f - Fireball                       Conjuration/Fire             5
Comestibles
 c - 4 bread rations
 h - a meat ration
 j - a royal jelly


   Skills:
 + Level 2.7 Dodging
 + Level 2.8 Stealth
 + Level 5.6 Spellcasting
 + Level 2.6 Conjurations
 + Level 2.0 Hexes
 + Level 4.3 Fire Magic


You had 4 spell levels left.
You knew the following spells:

 Your Spells              Type           Power        Failure   Level  Hunger
a - Flame Tongue          Conj/Fire      ###..        2%          1    None
b - Conjure Flame         Conj/Fire      ###.....     8%          3    ##.....
c - Inner Flame           Hex/Fire       ###.....     9%          3    ##.....
d - Sticky Flame          Conj/Fire      ###.....     26%         4    ####...


Dungeon Overview and Level Annotations

Branches:
Dungeon (4/15)
 Temple: D:4-7

Altars:
Qazlal
Vehumet
Yredelemnul

Annotations:
D:4 Menkaure


Message History

Press: ? - help, Shift-Dir - straight line, f/p - Menkaure
Aim: Menkaure (heavily damaged, fast)
The flame tongue hits Menkaure.
Menkaure is burned terribly!
Menkaure is severely damaged.
Menkaure completely misses you. Menkaure hits you.
* * * LOW HITPOINT WARNING * * *
Okay, then.
Casting: Flame Tongue
Confirm with . or Enter, or press ? or * to list all spells.
Aiming: Flame Tongue
Press: ? - help, Shift-Dir - straight line, f/p - Menkaure
Aim: Menkaure (severely damaged, fast)
The flame tongue hits Menkaure.
Menkaure appears unharmed.
Menkaure is severely damaged.
Menkaure completely misses you.
It was a potion of might.
You feel very mighty all of a sudden. Menkaure hits you!!
Ouch! That really hurt!
You die...

#########
........#
......M<#
......ยง@#
........#
..).....#
........#
........#
.....!..#
........#
........#


You could see Menkaure.

Vanquished Creatures
  A centaur skeleton (D:4)
  Terence (D:2)
  Jessica (D:3)
  Ijyb (D:3)
  Robin (D:3)
  An adder (D:2)
  2 oozes
  2 worms (D:1)
  4 leopard geckos
  3 orcs (D:3)
  A ball python (D:2)
  A giant cockroach (D:3)
  8 goblins
  11 hobgoblins
  7 jackals
  A quokka (D:3)
  14 bats
  3 frilled lizards
  7 kobolds
  3 rats
73 creatures vanquished.

Notes
Turn   | Place    | Note
-------+----------+-------------------------------------------
     0 | D:1      | graki42 the Deep Elf Fire Elementalist began the quest for the Orb.
     0 | D:1      | Reached XP level 1. HP: 10/10 MP: 6/6
   183 | D:1      | Reached XP level 2. HP: 15/15 MP: 1/8
   625 | D:1      | Reached XP level 3. HP: 19/19 MP: 6/9
  1187 | D:2      | Noticed Terence
  1200 | D:2      | Killed Terence
  1200 | D:2      | Reached skill level 4 in Spellcasting
  1200 | D:2      | Reached XP level 4. HP: 8/24 MP: 1/12
  1288 | D:2      | Learned a level 3 spell: Conjure Flame
  1292 | D:2      | Learned a level 3 spell: Inner Flame
  1297 | D:2      | Learned a level 4 spell: Sticky Flame
  1776 | D:3      | Noticed Ijyb
  1807 | D:3      | Found a basalt altar of Yredelemnul.
  1807 | D:3      | Found a radiant altar of Vehumet.
  1826 | D:3      | Killed Ijyb
  1826 | D:3      | Reached skill level 1 in Hexes
  1986 | D:3      | Became a worshipper of Vehumet
  2108 | D:3      | Noticed Jessica
  2123 | D:3      | Killed Jessica
  2123 | D:3      | Reached skill level 5 in Spellcasting
  2123 | D:3      | Reached XP level 5. HP: 28/28 MP: 5/14
  2189 | D:3      | Found a stormy altar of Qazlal.
  2267 | D:3      | Noticed Robin
  2278 | D:3      | Killed Robin
  2709 | D:4      | Noticed Menkaure
  2720 | D:4      | HP: 1/28 [Menkaure (5)]
  2722 | D:4      | Demolished by Menkaure

Vault maps used:
D:1:      lemuel_arrival_river_bridge, hangedman_decor_riveting
D:2:      uniq_terence
D:3:      chequers_temple_overflow_statue_of_worship, first_bread,
          nicolae_qazlal_general_emergency, uniq_jessica, uniq_robin, uniq_ijyb
D:4:      kennysheep_generic_room_10, uniq_natasha, uniq_menkaure

Skill      XL: |  1  2  3  4 |
---------------+-------------+-----
Fire Magic     | 4 |  4.3
Conjurations   | 2 |  2.6
Spellcasting   | 4 5 |  5.6
Hexes          | 2 |  2.0
Dodging        | |  2.7
Stealth        | |  2.8

Action                   |  1- 3 |  4- 6 || total
-------------------------+-------+-------++-------
Melee: Unarmed           |       |     4 ||     4
 Cast: Flame Tongue      |    84 |    65 ||   149
       Inner Flame       |       |     3 ||     3
       Sticky Flame      |       |     2 ||     2
       Conjure Flame     |       |     1 ||     1
  Use: Potion            |       |     1 ||     1
  Eat: Chunk             |     1 |     5 ||     6
Armor: Robe              |    10 |     2 ||    12
Dodge: Dodged            |    23 |    12 ||    35

Table legend:
 A = Spawn XP
 B = Non-spawn XP
 C = Spawn XP percentage of total XP
 D = Spawn monster count
 E = Non-spawn monster count
 F = Spawn count percentage of total count
 G = Total turns spent on level
                    A         B        C        D         E        F      G
               +---------+---------+-------+---------+---------+-------+---------
         Total |       0 |     312 |   0.0 |       0 |      73 |   0.0 |  2722
               +---------+---------+-------+---------+---------+-------+---------
           D:1 |       0 |      55 |   0.0 |       0 |      27 |   0.0 |   997
           D:2 |       0 |      75 |   0.0 |       0 |      13 |   0.0 |   728
           D:3 |       0 |     142 |   0.0 |       0 |      32 |   0.0 |   984
           D:4 |       0 |      40 |   0.0 |       0 |       1 |   0.0 |    13
               +---------+---------+-------+---------+---------+-------+---------
